 Dungeon Crawl Stone Soup version 0.19.3-4-gbf9329e (webtiles) character file.

2060 Jerry the Slasher (level 8, -5/62 HPs)
             Began as a Demigod Fighter on Jan 27, 2017.
             Slain by an orc warrior
             ... wielding a +0 short sword
              (14 damage)
             ... on level 7 of the Dungeon.
             The game lasted 00:22:04 (6037 turns).

Jerry the Slasher (Demigod Fighter)                 Turns: 6037, Time: 00:22:04

Health: -5/62      AC:  7    Str: 19    XL:     8   Next: 76%
Magic:  10/10      EV: 16    Int: 16    God:
Gold:   317        SH:  0    Dex: 19    Spells: 0 memorised, 7 levels left

rFire  . . .     SeeInvis .     a - +4 long sword
rCold  + . .     Gourm    .     p - +0 leather armour "Doyheg" {rElec rC+ Regen+ Int+4}
rNeg   . . .     Faith    .     (no shield)
rPois  +         Spirit   .     (no helmet)
rElec  +         Reflect  .     d - +2 cloak
rCorr  .         Harm     .     (no gloves)
MR     +....                    (no boots)
Stlth  +.........               (no amulet)
                                o - ring of poison resistance
                                k - ring of protection from magic

@: no status effects
A: high mp 1
a: no special abilities


You were on level 7 of the Dungeon.
You were not hungry.

You visited 2 branches of the dungeon, and saw 8 of its levels.

You collected 317 gold pieces.

Inventory:

Hand Weapons
 a - a +4 long sword (weapon)
Armour
 b - a +0 scale mail
 c - a +0 shield
 d - a +2 cloak (worn)
 l - a +2 leather armour of positive energy
 p - the +0 leather armour "Doyheg" (worn) {rElec rC+ Regen+ Int+4}
   (You found it on level 5 of the Dungeon)

   It affects your intelligence (+4).
   It protects you from cold.
   It insulates you from electricity.
   It increases your rate of regeneration.
Jewellery
 e - an uncursed ring of protection from fire
 h - an uncursed ring of stealth
 k - a ring of protection from magic (left hand)
 o - a ring of poison resistance (right hand)
 D - an uncursed ring of wizardry
Wands
 t - a wand of flame (8/48)
 w - a wand of disintegration (14/24)
 y - a wand of acid (4/15)
 H - a wand of polymorph (13/24)
 I - a wand of flame (25/48)
Scrolls
 i - a scroll of teleportation
 m - 2 scrolls of blinking
 q - a scroll of amnesia
 B - a scroll of fog
 F - a scroll of enchant armour
 J - a scroll of recharging
 K - a scroll of identify
 L - a scroll of remove curse
Potions
 r - a potion of ambrosia
 s - a potion of heal wounds
 u - a potion of cancellation {unknown}
 v - a potion of magic {unknown}
 x - a potion of curing {unknown}
 z - a potion of haste {unknown}
 A - 2 potions of agility
 C - a potion of degeneration {unknown}
Comestibles
 f - 7 bread rations
 g - 3 meat rations
 j - 2 slices of pizza
 n - 2 fruits
 E - 2 beef jerkies
 G - a chunk of flesh


   Skills:
 - Level 2.6 Fighting
 + Level 6.7 Long Blades
 + Level 6.7 Armour
 + Level 6.0 Dodging
 - Level 2.6 Shields


You had 7 spell levels left.
You didn't know any spells.

Dungeon Overview and Level Annotations

Branches:
Dungeon (7/15)             Temple (1/1) D:5

Shops:
D:5 =


Innate Abilities, Weirdness & Mutations

You have an increased reservoir of magic. (+10% MP)


Message History

You hit the orc.
The orc is lightly wounded.
The orc warrior barely misses you. The hornet zombie hits you!
You completely miss the hornet zombie.
The hornet zombie is almost destroyed.
The orc warrior barely misses you. The orc hits you with a mace.
The hornet zombie barely misses you.
A hound comes into view.
You closely miss the hornet zombie.
The hornet zombie is almost destroyed.
The hound barks!
The hornet zombie hits you!
* * * LOW HITPOINT WARNING * * *
The orc warrior completely misses you. The orc hits you with a mace.
* * * LOW HITPOINT WARNING * * *
The hornet zombie hits you!
* * * LOW HITPOINT WARNING * * *
The hound bites you but does no damage.
The orc warrior hits you with a short sword!
You die...

... .. .. ..
.. #. ##.#
#. #.. ###.
#.#
#...###.####
#...@...#...
#<.o.....$..
#.(ho.......
#...Z....##.
#))).....#
..........#
###.......##
..)......#
..##.####...


You could see an orc warrior, a hound, an orc and a hornet zombie.

Vanquished Creatures
  Menkaure (D:4)
  Eustachio (D:4)
  Duvessa (D:5)
  An ice beast (D:5)
  2 centaurs
  3 ogres
  Blork the orc (D:3)
  3 bullfrogs (D:6)
  A gnoll sergeant (D:5)
  Dowan (D:5)
  A wyvern skeleton (D:6)
  2 howler monkeys
  A crimson imp (D:5)
  A centaur skeleton (D:5)
  4 orc priests
  A hound (D:5)
  Crazy Yiuf (D:2)
  A bullfrog skeleton (D:4)
  An orc wizard (D:5)
  Ijyb (D:2)
  Terence (D:2)
  6 worker ants
  A hound skeleton (D:5)
  8 gnolls (D:5)
  3 adders
  An ooze (D:3)
  An adder zombie (D:6)
  2 adder skeletons
  3 worms
  3 leopard geckos
  10 orcs
  7 bats
  3 giant cockroaches
  6 goblins
  6 hobgoblins
  6 jackals
  6 kobolds
  3 quokkas
  A ball python (D:3)
  A goblin skeleton (D:5)
  3 goblin zombies (D:5)
  3 hobgoblin zombies (D:5)
  2 kobold skeletons (D:5)
  A quokka skeleton (D:3)
  A quokka zombie (D:6)
  5 rats
122 creatures vanquished.

Notes
Turn   | Place    | Note
-------+----------+-------------------------------------------
     0 | D:1      | Jerry the Demigod Fighter began the quest for the Orb.
     0 | D:1      | Reached XP level 1. HP: 18/18 MP: 3/3
   410 | D:1      | Reached XP level 2. HP: 19/25 MP: 4/4
   905 | D:2      | Found a shadowy altar of Dithmenos.
   905 | D:2      | Found a faded altar of an unknown god.
   914 | D:2      | Found a faded altar of an unknown god.
   916 | D:2      | Found a hide-covered altar of Uskayaw.
   917 | D:2      | Found a faded altar of an unknown god.
   972 | D:2      | Noticed Terence
   986 | D:2      | Killed Terence
   986 | D:2      | Reached skill level 1 in Dodging
   986 | D:2      | Reached XP level 3. HP: 17/30 MP: 5/5
  1404 | D:2      | Noticed Ijyb
  1422 | D:2      | Killed Ijyb
  1422 | D:2      | Reached XP level 4. HP: 33/37 MP: 6/6
  1698 | D:2      | Found a runed door.
  1702 | D:2      | Noticed Crazy Yiuf
  1709 | D:2      | Killed Crazy Yiuf
  2555 | D:3      | Reached XP level 5. HP: 40/42 MP: 7/7
  2778 | D:4      | Found an opulent altar of Gozag.
  2966 | D:4      | Noticed an ogre
  2972 | D:4      | Killed an ogre
  2972 | D:4      | Reached XP level 6. HP: 50/50 MP: 8/8
  3006 | D:4      | Noticed Blork the orc
  3006 | D:4      | Noticed Menkaure
  3062 | D:3      | Killed Blork the orc
  3407 | D:4      | Found a basalt altar of Yredelemnul.
  3409 | D:4      | Noticed Eustachio
  3483 | D:5      | Entered Level 5 of the Dungeon
  3483 | D:5      | Found a glowing golden altar of the Shining One.
  3593 | D:5      | Found a staircase to the Ecumenical Temple.
  3610 | D:5      | Found a stormy altar of Qazlal.
  3611 | D:5      | Noticed Duvessa
  3618 | D:5      | Found a glowing silver altar of Zin.
  3688 | D:5      | Got a dazzling leather armour
  3699 | D:5      | Identified the cursed +0 leather armour "Doyheg" {rElec rC+ Regen+ Int+4} (You found it on level 5 of the Dungeon)
  3713 | D:5      | Found Negh's Jewellery Emporium.
  3767 | D:5      | Found a glowing golden altar of the Shining One.
  3872 | D:5      | Reached XP level 7. HP: 46/56 MP: 9/9
  3926 | D:5      | Reached skill level 5 in Armour
  4108 | D:5      | Reached skill level 5 in Long Blades
  4118 | D:5      | Noticed Dowan
  4134 | D:5      | Killed Duvessa
  4152 | D:5      | Killed Dowan
  4257 | Temple   | Entered the Ecumenical Temple
  4570 | D:4      | Killed Menkaure
  4570 | D:4      | Reached skill level 5 in Dodging
  4570 | D:4      | Reached XP level 8. HP: 51/62 MP: 10/10
  4628 | D:4      | Killed Eustachio
  4866 | D:4      | Found an iron altar of Okawaru.
  5306 | D:6      | Noticed a troll
  6037 | D:7      | Slain by an orc warrior

Skill      XL: |  1  2  3  4  5  6  7  8 |
---------------+-------------------------+-----
Long Blades    | 2 3 4 5 6 |  6.7
Armour         | 3 4 5 6 |  6.7
Dodging        | 1 2 3 5 6 |  6.0
Fighting       | |  2.6
Shields        | |  2.6

Action                   |  1- 3 |  4- 6 |  7- 9 || total
-------------------------+-------+-------+-------++-------
Melee: Long sword        |    76 |   143 |   184 ||   403
Evoke: Wand              |       |     5 |     7 ||    12
  Use: Potion            |       |     1 |       ||     1
       Scroll            |       |    12 |     6 ||    18
 Stab: Sleeping          |     2 |     2 |     1 ||     5
  Eat: Chunk             |     2 |     8 |     7 ||    17
Armor: Scale mail        |    12 |       |       ||    12
       Leather armour    |    13 |    45 |    40 ||    98
Dodge: Dodged            |    59 |   111 |   178 ||   348
       Rpst.: Long sword |    21 |    40 |    57 ||   118
